 Dungeon Crawl Stone Soup version 0.22.1-2-g9c5b331 (webtiles) character file.

21064 magicm the Slicer (level 12, 0/112 HPs)
             Began as a Deep Dwarf Hunter on Nov 15, 2018.
             Was the Champion of Zin.
             Slain by an alligator (17 damage)
             ... on level 1 of the Swamp.
             The game lasted 01:03:58 (10239 turns).

magicm the Slicer (Deep Dwarf Hunter)              Turns: 10239, Time: 01:03:59

Health: 0/112      AC: 19    Str: 20    XL:     12   Next: 50%
Magic:  0/0        EV: 16    Int: 15    God:    Zin [******]
Gold:   322        SH:  0    Dex: 14    Spells: 11/11 levels left

rFire    + . .     SeeInvis .   l - +7 short sword of Mourning {flame, Str+3}
rCold    . . .     Gourm    .   (no shield)
rNeg     . . .     Faith    .   b - +5 ring mail "Akusk" {rPois rC+}
rPois    +         Spirit   .   h - +2 helmet
rElec    .         Reflect  .   (no cloak)
rCorr    .         Harm     .   i - +1 pair of gloves
MR       +....                  p - +0 pair of boots
Stlth    ++........             (no amulet)
HPRegen  0.00/turn              v - ring of fire
MPRegen  0.07/turn              (no ring)

@: non-regenerating
A: damage resistance, heal wounds, sense surroundings 2, no regeneration
a: Heal Wounds, Recite, Vitalisation, Imprison, Sanctuary, Donate Gold, Renounce
Religion


You were on level 1 of the Swamp.
You worshipped Zin.
Zin was exalted by your worship.
You were not hungry.

You visited 4 branches of the dungeon, and saw 13 of its levels.

You collected 965 gold pieces.
You donated 643 gold pieces to Zin.

Inventory:

Hand Weapons
 a - a +4 hand crossbow
 l - the +7 short sword of Mourning (weapon) {flame, Str+3}
   (You found it on level 4 of the Dungeon)

   It has been specially enchanted to burn those struck by it, causing extra
   injury to most foes and up to half again as much damage against particularly
   susceptible opponents.
   It affects your strength (+3).
 x - a +1 battleaxe of chopping
Missiles
 B - 2 bolts
Armour
 b - the +5 ring mail "Akusk" (worn) {rPois rC+}
   (You took it off an orc on level 4 of the Dungeon)

   It protects you from cold.
   It protects you from poison.
 h - a +2 helmet (worn)
 i - a +1 pair of gloves (worn)
 p - a +0 pair of boots (worn)
Jewellery
 t - a +2 ring of protection {unknown}
 v - a ring of fire (left hand)
 y - an uncursed ring of poison resistance {unknown}
Wands
 g - a wand of scattershot (4)
 z - a wand of iceblast (20)
Scrolls
 d - 2 scrolls of magic mapping
 s - a scroll of teleportation
 w - 4 scrolls of remove curse
 A - a scroll of amnesia
Potions
 c - 3 potions of agility
 e - a potion of berserk rage
 f - a potion of invisibility
 j - a potion of haste
 k - 5 potions of brilliance
 m - 4 potions of flight
 o - 2 potions of resistance
 q - 3 potions of ambrosia
 r - 2 potions of might
Comestibles
 n - 10 rations


   Skills:
 + Level 8.9 Fighting
 + Level 10.8 Short Blades
   Level 2.2 Maces & Flails
 + Level 10.4 Crossbows
 + Level 8.8 Armour
 + Level 8.6 Dodging
 + Level 4.3 Stealth
 + Level 1.9 Invocations
 + Level 0.7 Evocations


You had 11 spell levels left.
You didn't know any spells.
Your spell library contained the following spells:

 Spells                   Type           Power        Failure   Level  Hunger
 Animate Skeleton         Necr           N/A          38%         1    ##.....
 Confusing Touch          Hex            #.....       38%         1    ##.....
 Pain                     Necr           #...         38%         1    ##.....
 Confuse                  Hex            #.......     77%         3    ####...
 Gell's Gravitas          Tloc           #.........   77%         3    ####...
 Vampiric Draining        Necr           #.........   77%         3    ####...
 Animate Dead             Necr           N/A          99%         4    #####..
 Petrify                  Tmut/Erth      #.......     99%         4    #####..
 Metabolic Englaciation   Hex/Ice        #.........   100%        5    ######.
 Yara's Violent Unravell  Hex/Tmut       #.........   100%        5    ######.
 Regeneration             Chrm/Necr      Unusable     N/A         3    N/A

Dungeon Overview and Level Annotations

Branches:
Dungeon (9/15)             Temple (1/1) D:4            Lair (2/6) D:9
  Swamp (1/4) Lair:2
  Snake: Lair:2-4    Spider: Lair:2-4       Orc: D:9-12

Altars:
Ashenzari
Cheibriados
Dithmenos
Elyvilon
Fedhas
Gozag
Hepliaklqana
Kikubaaqudgha
Makhleb
Nemelex Xobeh
Okawaru
Qazlal
Ru
Sif Muna
Trog
Uskayaw
Vehumet
Wu Jian
Xom
Yredelemnul
Zin
The Shining One
Beogh

Shops:
D:9 }

Annotations:
Lair:1 exclusion: oklob plant


Innate Abilities, Weirdness & Mutations

You are resistant to damage.
You can heal yourself by infusing magical energy.
You passively map the area around you.
You do not regenerate.


Message History

The alligator bites you. The alligator misses you.
You hit the alligator. You burn the alligator.
The alligator is lightly wounded.
You hit the alligator. You burn the alligator.
The alligator is lightly wounded.
The alligator bites you. The alligator closely misses you.
You hit the alligator but do no damage.
The alligator is lightly wounded.
The alligator bites you!!
* * * LOW HITPOINT WARNING * * *
The alligator closely misses you.
You hit the alligator. You burn the alligator.
The alligator is lightly wounded.
The alligator misses you. The alligator barely misses you.
You hit the alligator. You burn the alligator.
The alligator is moderately wounded.
You hit the alligator. You burn the alligator.
The alligator is moderately wounded.
The alligator bites you!!
You die...

, * ,, , ,.≈♣♣.....,
, * ..** ....... , ,
* ≈≈..### ......#
≈≈, ≈
≈......,......## , ,
≈......##.#....t., *
,≈≈...#. ....[#..♣
.......##......≈. ,
* ≈≈≈.≈....@t...§..
,≈ ♣≈.......≈≈.≈.≈♣♣
,* *
,...≈≈≈≈.≈≈.♣≈≈.♣ *
≈ ,
≈≈.≈>..≈≈.≈.≈≈..♣♣,,
, ,
≈≈≈♣♣♣♣♣♣?≈.≈....♣ ,
* , ** * ♣♣..≈.§≈.♣♣
* * *≈≈≈.≈ *
♣♣≈≈≈≈≈..♣ ** ,
*♣≈≈≈.♣ ♣..♣≈..... ,
,≈ *..≈.♣
♣♣.≈≈≈...≈≈≈≈.,


You could see an alligator.

Vanquished Creatures
  Harold (D:9)
  Erica (D:9)
  Erolcha (D:9)
  2 hydras
  The ghost of emiel the Skirmisher, a novice CeEE of Cheibriados (Lair:2)
  4 elephants (Lair:1)
  The ghost of Bwemp the Cutter, a novice DsAs (D:8)
  4 spiny frogs
  A komodo dragon (Lair:1)
  A troll (D:9)
  3 slime creatures (Swamp:1)
  A hornet (Swamp:1)
  A tyrant leech (Swamp:1)
  A bog body (Swamp:1)
  A hippogriff (Lair:2)
  7 blink frogs
  The ghost of BryzzWind the Slicer, an amateur KoBe of Trog (D:4)
  2 spriggans
  A wraith (D:5)
  A wyvern (D:9)
  9 yaks (Lair:1)
  A hungry ghost (D:9)
  Menkaure (D:4)
  3 vampire mosquitoes (Swamp:1)
  3 swamp worms (Swamp:1)
  8 insubstantial wisps
  10 water moccasins
  Duvessa (D:7)
  4 porcupines
  2 swamp drakes (Swamp:1)
  5 orc warriors
  3 ice beasts
  A sky beast (D:9)
  A black bear (D:6)
  A hornet zombie (D:8)
  2 necrophages
  4 ogres
  3 phantoms
  3 wolves (Lair:2)
  2 centaurs
  4 crocodiles
  The ghost of dscm the Chopper, an amateur DsGl (D:6)
  2 big kobolds
  7 bullfrogs
  7 scorpions
  Dowan (D:7)
  3 killer bees (D:9)
  A wight (D:6)
  A howler monkey (D:5)
  3 crimson imps
  A bullfrog zombie (D:7)
  A centaur zombie (D:9)
  A centaur skeleton (D:5)
  A gnoll shaman (D:6)
  2 jellies (D:6)
  Crazy Yiuf (D:7)
  A bullfrog skeleton (D:4)
  3 hounds
  6 orc priests
  2 iguanas
  9 orc wizards
  8 hell rats (Lair:2)
  5 worker ants
  A hound skeleton (D:7)
  A worker ant zombie (D:5)
  10 adders
  12 gnolls
  A howler monkey skeleton (D:6)
  10 river rats (Lair:2)
  2 shadow imps
  An ooze (D:1)
  2 adder skeletons
  An adder zombie (D:5)
  7 worms
  2 dart slugs
  7 leopard geckos
  45 orcs
  4 bats
  8 giant cockroaches
  8 goblins
  6 hobgoblins
  8 jackals (D:5)
  7 quokkas
  4 ball pythons
  9 frilled lizards
  21 kobolds
  2 quokka zombies
  20 rats
373 creatures vanquished.

Vanquished Creatures (others)
  2 fungi (Lair:2)
  A plant (Lair:1)
3 creatures vanquished.

Grand Total: 376 creatures vanquished

Notes
Turn   | Place    | Note
-------+----------+-------------------------------------------
     0 | D:1      | magicm the Deep Dwarf Hunter began the quest for the Orb.
     0 | D:1      | Reached XP level 1. HP: 19/19 MP: 1/1
   281 | D:1      | Reached skill level 5 in Crossbows
   281 | D:1      | Reached XP level 2. HP: 26/26 MP: 2/2
   842 | D:2      | Reached XP level 3. HP: 30/32 MP: 3/3
  1456 | D:2      | Reached XP level 4. HP: 14/39 MP: 4/4
  1893 | D:3      | Reached skill level 1 in Armour
  1921 | D:3      | Reached XP level 5. HP: 29/46 MP: 4/4
  1995 | D:3      | Found an ancient bone altar of Kikubaaqudgha.
  2519 | D:4      | Noticed Menkaure
  2523 | D:4      | Killed Menkaure
  2523 | D:4      | Reached XP level 6. HP: 29/55 MP: 5/5
  2579 | D:4      | Reached XP level 7. HP: 8/62 MP: 5/5
  2621 | D:4      | Found a staircase to the Ecumenical Temple.
  2748 | D:4      | Found a hide-covered altar of Uskayaw.
  2748 | D:4      | Noticed a hand axe
  2749 | D:4      | Noticed a hand axe
  2758 | D:4      | Found a runed gate.
  2758 | D:4      | Noticed BryzzWind's ghost (amateur KoBe)
  2769 | D:4      | Found a runed gate.
  2770 | D:4      | Found a runed gate.
  2908 | D:4      | Reached skill level 1 in Maces & Flails
  3013 | D:4      | Got a transparent short sword
  3293 | D:4      | Identified the +7 short sword of Mourning {flame, Str+3}
                  | (You found it on level 4 of the Dungeon)
  3373 | D:4      | You fall through a shaft for 3 floors!
  3410 | D:6      | Reached XP level 8. HP: 34/72 MP: 6/6
  3443 | D:5      | Entered Level 5 of the Dungeon
  3511 | Temple   | Entered the Ecumenical Temple
  3531 | Temple   | Became a worshipper of Zin the Law-Giver
  3531 | Temple   | Reached * piety under Zin
  3532 | Temple   | Donated 118 gold pieces to Zin
  3929 | D:5      | Reached ** piety under Zin
  4029 | D:5      | Reached skill level 1 in Short Blades
  4342 | D:4      | Found a roughly hewn altar of Beogh.
  4368 | D:4      | Killed BryzzWind's ghost
  4548 | D:4      | Got a twisted ring mail
  4662 | D:6      | Reached skill level 5 in Armour
  4665 | D:6      | Found a transporter.
  4748 | D:6      | Gained mutation: You passively map the area around you.
                  | [Deep Dwarf growth]
  4748 | D:6      | Reached XP level 9. HP: 42/79 MP: 5/5
  4801 | D:6      | Identified the +5 ring mail "Akusk" {rPois rC+} (You took
                  | it off an orc on level 4 of the Dungeon)
  4947 | D:6      | Found a transporter.
  4947 | D:6      | Noticed dscm's ghost (amateur DsGl)
  4975 | D:6      | Killed dscm's ghost
  5106 | D:6      | Reached *** piety under Zin
  5212 | D:6      | Donated 121 gold pieces to Zin
  5410 | D:7      | Reached skill level 5 in Fighting
  5410 | D:7      | Reached skill level 1 in Invocations
  5529 | D:7      | Reached skill level 5 in Short Blades
  5565 | D:7      | Reached **** piety under Zin
  5630 | D:7      | Noticed a moth of wrath
  5633 | D:7      | Found a bloodstained altar of Trog.
  5760 | D:7      | Reached skill level 5 in Dodging
  5769 | D:7      | Found a shadowy altar of Dithmenos.
  5771 | D:7      | Noticed Dowan
  5771 | D:7      | Noticed Duvessa
  5784 | D:7      | Killed Dowan
  5794 | D:7      | Killed Duvessa
  5896 | D:7      | Found a runed door.
  5903 | D:7      | Noticed Crazy Yiuf
  5908 | D:7      | Killed Crazy Yiuf
  6061 | D:8      | Reached XP level 10. HP: 85/88 MP: 6/6
  6312 | D:8      | Reached ***** piety under Zin
  6773 | D:8      | Found a runed door.
  6776 | D:8      | Noticed Bwemp's ghost (novice DsAs)
  6795 | D:8      | Killed Bwemp's ghost
  7042 | D:9      | Noticed Erolcha
  7051 | D:9      | Killed Erolcha
  7072 | D:9      | Noticed Erica
  7122 | D:9      | Killed Erica
  7130 | D:9      | Got a pair of blackened gloves
  7153 | D:9      | Noticed Harold
  7188 | D:9      | Killed Harold
  7274 | D:9      | Identified the -2 pair of gloves "Ehais" {rC+ MR+} (You
                  | found it on level 9 of the Dungeon)
  7301 | D:9      | Found Uviyg's Gadget Emporium.
  7462 | D:9      | Reached XP level 11. HP: 51/99 MP: 7/7
  7592 | D:9      | Found a staircase to the Lair.
  7740 | Lair:1   | Entered Level 1 of the Lair of Beasts
  7770 | Lair:1   | Noticed an oklob plant
  7954 | Lair:1   | Reached skill level 10 in Crossbows
  8393 | Lair:1   | Noticed a seven-headed hydra
  8402 | Lair:1   | Killed a seven-headed hydra
  8779 | Lair:2   | Found a runed door.
  8780 | Lair:2   | Noticed emiel's ghost (novice CeEE)
  8814 | Lair:2   | Killed emiel's ghost
  8898 | Lair:2   | Reached XP level 12. HP: 91/110 MP: 4/4
  8945 | Lair:2   | Reached skill level 10 in Short Blades
  9138 | Lair:2   | Found a staircase to the Swamp.
  9452 | Lair:2   | Reached ****** piety under Zin
  9847 | Swamp:1  | Entered Level 1 of the Swamp
  9922 | Swamp:1  | Noticed a four-headed hydra
  9943 | Swamp:1  | Killed a four-headed hydra
 10063 | Swamp:1  | Donated 308 gold pieces to Zin
 10106 | Swamp:1  | Noticed an alligator
 10228 | Swamp:1  | Noticed an alligator
 10229 | Swamp:1  | Noticed an alligator
 10239 | Swamp:1  | Slain by an alligator

Skill      XL: |  1  2  3  4  5  6  7  8  9 10 11 12 |
---------------+-------------------------------------+-----
Crossbows      | 5 6 7 8 9 10 | 10.4
Fighting       | 2 3 4 5 6 8 |  8.9
Armour         | 1 2 3 5 6 7 8 |  8.8
Maces & Flails | 2 |  2.2
Dodging        | 3 5 6 8 |  8.6
Short Blades   | 2 6 8 9 10 | 10.8
Stealth        | 2 3 4 |  4.3
Invocations    | 1 |  1.9
Evocations     | |  0.7

Action                   |  1- 3 |  4- 6 |  7- 9 | 10-12 || total
-------------------------+-------+-------+-------+-------++-------
Melee: Short sword       |       |     1 |   405 |   744 ||  1150
       Mace              |       |    10 |    70 |       ||    80
 Fire: Hand crossbow     |    94 |   128 |    70 |   149 ||   441
Invok: Donate Gold       |       |       |     2 |     1 ||     3
       Vitalisation      |       |       |     1 |       ||     1
       Recite            |       |       |     2 |       ||     2
 Abil: Heal Wounds       |       |     4 |    19 |    28 ||    51
Evoke: Wand              |       |       |       |     2 ||     2
  Use: Scroll            |     3 |     4 |    13 |    11 ||    31
       Potion            |       |     1 |       |     8 ||     9
 Stab: Distracted        |       |       |     1 |       ||     1
       Sleeping          |       |       |       |     1 ||     1
  Eat: Ration            |     1 |     1 |     3 |     5 ||    10
Armor: Leather armour    |     2 |       |       |       ||     2
       Ring mail         |     4 |    15 |   109 |   293 ||   421
       Scale mail        |       |     5 |   181 |       ||   186
Dodge: Dodged            |    20 |    55 |   415 |   484 ||   974
